Map: Blackpink LE

Players

BigBadBob

  • Race: Zerg Zerg
  • Spawn Location: 1:00

Earendil - Winner!

  • Race: Protoss Protoss
  • Spawn Location: 7:00

VOD

Have the link to the VOD?

Description

Time

  • Played on: May 15, 2018, 2:05 p.m.
  • Length: 14:19
Show
View Real Time Build Order
Export as new Build Order

BigBadBob Zerg 

Build Orders: Pool First 

Get SALT Encoding   

  12  0:01  Drone  
  13  0:12  Overlord  
  13  0:17  Drone  
  14  0:31  Drone x2  
  16  0:36  Drone  
  17  0:47  Spawning Pool  
  17  0:48  Drone  
  17  0:58  Drone  
  18  1:15  Hatchery  
  17  1:34  Zergling x6  
  17  1:35  Queen  
  17  1:39  Extractor  
  21  1:46  Zergling x2  
  22  2:03  Overlord  
  22  2:14  Overlord  
  22  2:21  Queen, Drone  
  25  2:28  Queen  
  25  2:29  Drone x2  
  29  2:39  Drone  
  29  2:40  Drone  
  31  2:44  Drone  
  31  2:45  Drone  
  31  2:50  Drone  
  34  2:57  Drone x2  
  34  3:02  Metabolic Boost  
  34  3:12  Drone x3  
  37  3:27  Hatchery  
  37  3:30  Drone x2  
  38  3:46  Zergling x4  
  38  3:47  Drone x3  
  43  3:49  Overlord  
  42  3:55  Queen  
  42  4:02  Zergling x2  
  44  4:10  Zergling x2  
  44  4:12  Zergling x4  
  43  4:28  Drone x3  
  43  4:29  Drone x7  
  51  4:41  Evolution Chamber  
  51  4:42  Drone x4  
  53  4:51  Drone x2  
  55  4:52  Lair  
  55  4:58  Drone  
  56  5:07  Zerg Missile Weapons Level 1  
  56  5:10  Drone x3, Roach Warren  
  56  5:12  Overlord x5  
  58  5:30  Zergling x4  
  58  5:31  Zergling x6  
  58  5:32  Zergling x6  
  66  5:42  Extractor  
  65  5:43  Extractor x2  
  63  5:56  Drone x8  
  63  5:57  Drone  
  69  6:07  Drone x3  
  69  6:08  Drone x3  
  74  6:17  Glial Reconstitution  
  73  6:19  Overlord x2  
  72  6:25  Overlord  
  72  6:26  Roach x4  
  72  6:27  Roach  
  82  6:33  Extractor  
  82  6:34  Roach x2  
  82  6:35  Roach x2  
  89  6:41  Roach x2  
  89  6:43  Drone x3  
  89  6:45  Drone  
  97  6:50  Roach x2  
  101  6:57  Roach x4  
  109  7:04  Roach x2  
  113  7:08  Overlord  
  113  7:11  Roach x4  
  121  7:16  Hydralisk Den  
  121  7:19  Extractor  
  121  7:21  Roach  
  114  7:32  Hatchery, Drone x3  
  114  7:33  Roach x7  
  126  7:42  Drone x2  
  126  7:43  Drone x3  
  129  7:48  Muscular Augments  
  128  7:52  Drone  
  128  7:54  Overlord x3  
  129  8:05  Overlord  
  129  8:11  Spine Crawler  
  128  8:13  Overlord  
  128  8:15  Ravager x5  
  128  8:16  Ravager x2  
  128  8:17  Zergling x4  
  128  8:18  Zergling x12  
  128  8:19  Drone  
  144  8:21  Drone  
  145  8:28  Drone x3  
  145  8:32  Roach x3  
  147  8:48  Roach x3  
  147  8:49  Roach x4  
  127  8:56  Roach x3  
  127  8:58  Roach  
  127  9:01  Roach  
  121  9:04  Zergling x4  
  121  9:08  Roach x2  
  120  9:10  Zergling x4  
  120  9:15  Overseer  
  122  9:19  Roach x3  
  126  9:24  Roach x3  
  130  9:31  Roach x3  
  134  9:38  Roach x2  
  134  9:39  Roach  
  134  9:54  Ravager x5  
  134  9:57  Ravager x6  
  134  9:59  Zergling x6  
  151  10:00  Zergling x10  
  151  10:05  Drone x3  
  151  10:06  Drone  
  157  10:08  Zergling x2  
  157  10:10  Roach  
  160  10:20  Roach x2  
  147  10:27  Roach  
  147  10:28  Roach x2  
  133  10:31  Zergling x2  
  133  10:32  Roach x3  
  133  10:33  Roach  
  140  10:35  Roach  
  140  10:36  Roach  
  140  10:40  Roach x3  
  137  10:43  Roach  
  137  10:47  Drone x2  
  141  10:50  Ravager x4  
  141  10:52  Drone x2  
  141  10:53  Drone x2  
  141  10:55  Roach  
  153  10:57  Roach  
  153  11:00  Ravager  
  153  11:02  Roach x2  
  153  11:03  Zergling x2  
  150  11:13  Roach x5  
  141  11:20  Zergling x4, Roach x3  
  141  11:24  Hydralisk x2  
  141  11:34  Zerg Ground Armor Level 1  
  141  11:37  Evolution Chamber  
  140  11:40  Hydralisk x3  
  140  11:42  Extractor  
  140  11:45  Zergling x6  
  140  11:46  Zergling x2  
  149  11:55  Hydralisk  
  149  11:56  Hydralisk x3  
  149  11:59  Grooved Spines  
  149  12:00  Drone x3  
  159  12:02  Hydralisk  
  160  12:10  Hydralisk x3  
  160  12:14  Hydralisk x2  
  162  12:20  Hydralisk x2  
  144  12:22  Zergling x2  
  144  12:23  Zergling x4  
  144  12:24  Hydralisk  
  144  12:29  Ravager  
  149  12:35  Hydralisk x4  
  149  12:36  Zergling x2  
  158  12:40  Drone  
  158  12:41  Baneling Nest  
  158  12:43  Zergling x4  
  160  12:53  Overlord x3  
  160  13:05  Overlord x2  
  154  13:17  Overlord  
  154  13:23  Hatchery  
  153  13:28  Drone  
  153  13:30  Lurker Den  
  153  13:34  Drone x3  
  153  13:35  Drone  
  153  13:36  Hatchery  
  156  13:47  Hydralisk x3  
  156  13:48  Hydralisk  
Show
View Real Time Build Order
Export as new Build Order

Earendil Protoss - Winner!

Build Orders: Zealot Archon 

Get SALT Encoding   

  12  0:01  Probe  
  13  0:17  Pylon  
  13  0:18  Probe  
  14  0:28  Probe  
  15  0:36  Probe  
  16  0:44  Probe  
  17  1:01  Pylon  
  17  1:09  Nexus  
  17  1:13  Probe  
  18  1:21  Gateway  
  18  1:26  Assimilator  
  19  1:37  Forge  
  18  1:51  Pylon  
  18  1:52  Pylon  
  18  1:59  Probe  
  18  2:04  Gateway  
  18  2:10  Cybernetics Core  
  18  2:12  Photon Cannon  
  18  2:13  Probe  
  18  2:22  Probe  
  20  2:23  Probe  
  20  2:28  Pylon  
  20  2:29  Warp Gate  
  21  2:34  Pylon  
  21  2:39  Adept  
  21  2:42  Pylon  
  23  2:54  Probe x2  
  25  3:05  Adept  
  25  3:06  Probe  
  25  3:11  Probe  
  29  3:17  Assimilator  
  29  3:19  Probe  
  30  3:23  Probe  
  31  3:27  Shield Battery  
  31  3:31  Probe  
  32  3:35  Probe  
  33  3:42  Gateway  
  33  3:45  Probe  
  33  3:48  Probe  
  35  3:51  Pylon  
  35  3:57  Probe  
  35  4:00  Probe  
  37  4:09  Pylon, Probe  
  38  4:11  Twilight Council  
  38  4:12  Probe  
  39  4:27  Charge  
  39  4:30  Probe x2  
  39  4:40  Gateway  
  39  4:42  Gateway, Adept  
  39  4:43  Gateway, Adept  
  39  4:44  Protoss Ground Weapons Level 1  
  41  4:49  Probe x2  
  43  4:58  Assimilator  
  43  5:00  Assimilator  
  43  5:01  Adept  
  43  5:04  Adept  
  43  5:07  Probe x2  
  49  5:18  Nexus  
  49  5:23  Pylon  
  49  5:26  Probe x2  
  51  5:36  Templar Archives  
  51  5:38  Probe x2  
  53  5:53  Probe x2  
  51  6:05  Probe x2  
  51  6:06  Adept x2  
  51  6:07  Adept x3  
  63  6:14  Protoss Ground Weapons Level 2  
  63  6:17  Probe x2  
  61  6:29  Probe x2  
  63  6:34  Gateway  
  63  6:36  Gateway  
  63  6:37  Gateway  
  63  6:38  High Templar  
  63  6:39  High Templar x3  
  71  6:40  Gateway  
  71  6:41  Pylon  
  71  6:43  Pylon  
  71  6:46  Probe, Archon x2  
  71  6:47  Zealot  
  71  6:49  Probe x2  
  71  6:54  Probe  
  77  7:01  Probe x2  
  79  7:10  Zealot  
  79  7:11  Zealot x2  
  79  7:15  Probe x2  
  87  7:18  Zealot  
  87  7:19  Probe  
  90  7:27  Probe  
  83  7:37  Probe x2  
  83  7:39  Probe  
  83  7:40  High Templar x3  
  83  7:44  Assimilator  
  92  7:45  Assimilator  
  92  7:46  Archon  
  92  7:47  Pylon  
  92  7:48  Pylon  
  92  7:50  Pylon  
  92  7:51  Robotics Facility  
  90  7:52  Robotics Facility, Pylon  
  90  7:53  Pylon x2  
  90  8:00  High Templar  
  90  8:02  Nexus  
  90  8:05  Pylon  
  92  8:06  Zealot x2  
  92  8:07  Zealot x2, Pylon  
  92  8:08  Archon  
  92  8:09  Probe  
  101  8:19  Stalker x2, Blink  
  105  8:21  Zealot  
  105  8:24  Zealot  
  109  8:28  Pylon  
  109  8:31  Shield Battery  
  109  8:34  High Templar, Zealot  
  109  8:36  Zealot  
  115  8:44  High Templar, Zealot x3  
  113  8:52  Immortal x2  
  93  8:56  Zealot  
  93  8:57  Zealot x2  
  91  9:08  Stalker x2  
  79  9:19  Zealot x2  
  79  9:21  Protoss Ground Weapons Level 3  
  75  9:26  Stalker x2  
  75  9:27  Stalker x2, Immortal  
  77  9:35  Zealot x2  
  85  9:44  Immortal  
  85  9:46  High Templar x2, Probe  
  85  9:49  Probe x3  
  93  9:54  Probe  
  93  9:55  Archon  
  93  9:58  Zealot  
  93  9:59  Zealot  
  102  10:01  Probe x3  
  105  10:12  Zealot x3  
  105  10:13  Zealot  
  100  10:24  Zealot x4  
  88  10:34  Zealot x3, Immortal  
  88  10:35  Zealot  
  76  10:45  Zealot x4  
  88  10:54  Gateway  
  88  10:55  High Templar  
  88  10:56  High Templar x2  
  94  10:57  High Templar  
  94  11:00  Archon  
  96  11:05  Zealot  
  96  11:06  Zealot x3  
  96  11:08  Archon  
  86  11:23  Immortal  
  80  11:26  Zealot x2  
  80  11:27  Zealot x2  
  80  11:29  Immortal  
  80  11:31  Zealot x4  
  104  11:34  Probe x4  
  108  11:44  Protoss Ground Armor Level 1  
  108  11:50  High Templar  
  108  11:51  High Templar x3  
  108  11:53  Zealot  
  108  11:54  Zealot x4  
  120  11:59  Archon x2  
  125  12:04  Observer  
  126  12:17  Zealot x4  
  126  12:18  Zealot  
  132  12:28  Immortal x2  
  132  12:31  Zealot x3  
  132  12:33  Zealot  
  148  12:38  Probe x2  
  148  12:39  Probe x2  
  148  12:41  Assimilator  
  148  12:42  Assimilator  
  152  12:47  High Templar  
  152  12:48  High Templar  
  156  12:53  Zealot x2, Archon  
  156  12:55  Pylon, Nexus  
  160  13:03  Observer x2  
  156  13:06  Zealot x2  
  156  13:07  Zealot x3  
  166  13:16  Robotics Bay  
  166  13:24  Stalker x3  
  172  13:30  Stalker  
  172  13:31  Stalker  
  172  13:32  Zealot  
  178  13:42  Zealot x2  
  178  13:45  Zealot  
  178  13:47  Probe x2  
  176  14:02  Pylon  
  170  14:06  Zealot x5  
  170  14:08  High Templar  
  170  14:09  High Templar  
  176  14:14  Archon  
Tags
 
Composition
Zealot Archon
Matchup
PvZ
Opening
Pool First
Spawn Locations
Cross Positions
Add a new tag
Caveats
  • Supply blocks, unpowered buildings, or Contaminate may cause inaccurate times.
  • Supply counts are checked every 10 seconds.